 Dungeon Crawl Stone Soup version 0.31-a0-851-g7ff8af7976 (webtiles) character file.

Game seed: 8380545155175632628

1369 BinkBink the Cutter (level 8, -2/62 HPs)
             Began as a Demonspawn Fighter on Oct 6, 2023.
             Slain by a wyvern (43 damage)
             ... on level 6 of the Dungeon.
             The game lasted 00:07:34 (5218 turns).

BinkBink the Cutter (Demonspawn Fighter)            Turns: 5218, Time: 00:07:34

Health: -2/62      AC:  7    Str: 21    XL:     8   Next: 38%
Magic:  8/8        EV:  2    Int:  9    God:
Gold:   297        SH:  0    Dex: 18    Spells: 7/7 levels left

rFire   . . .        a - +1 rapier
rCold   . . .        c - +1 buckler
rNeg    . . .        b - +0 scale mail
rPois   .            (helmet restricted)
rElec   .            (no cloak)
rCorr   .            (no gloves)
SInv    .            (no boots)
Will    .....        i - amulet of the Echidna {RegenMP Will- Str+4 Dex+3 Stlth+}
Stlth   +            (no ring)
HPRegen 0.30/turn    (no ring)
MPRegen 0.51/turn

%: no passive effects
@: sleeping
A: claws 1, hooves 2, horns 1, foul stench 1
a: no special abilities


You were on level 6 of the Dungeon.
You visited 1 branch of the dungeon, and saw 6 of its levels.

You collected 297 gold pieces.

Inventory:

Hand Weapons
 a - a +1 rapier (weapon)
Missiles
 v - a throwing net
Armour
 b - a +0 scale mail (worn)
 c - a +1 buckler (worn)
 k - a +0 pair of gloves
Jewellery
 i - the amulet of the Echidna (around neck) {RegenMP Will- Str+4 Dex+3 Stlth+}
   (You found it on level 5 of the Dungeon)

   [amulet of magic regeneration]

   RegenMP:   It increases your rate of magic regeneration.
   Str+4:     It affects your strength (+4).
   Dex+3:     It affects your dexterity (+3).
   Will-:     It decreases your willpower.
   Stlth+:    It makes you more stealthy.
 w - a ring of fire
Wands
 r - a wand of roots (2)
 t - a wand of flame (33)
Scrolls
 f - 3 scrolls of fog
 h - 5 scrolls of amnesia
 l - 2 scrolls of noise
 m - a scroll of blinking
 n - 3 scrolls of teleportation
 o - 4 scrolls of immolation
Potions
 d - a potion of might
 g - a potion of enlightenment
 j - a potion of curing
 p - a potion of cancellation {unknown}
 s - 2 potions of berserk rage {unknown}
 u - a potion of degeneration {unknown}


   Skills:
 + Level 5.0 Fighting
 * Level 5.2 Short Blades
 + Level 4.4 Armour
 * Level 4.9 Dodging
 + Level 4.3 Shields


You had 7 spell levels left.
You didn't know any spells.
Your spell library was empty.

Dungeon Overview and Level Annotations

Branches:
Dungeon (6/15)
 Temple: D:4-7

Altars:
Cheibriados
Xom


Innate Abilities, Weirdness & Mutations

You have sharp fingernails.
You have hoof-like feet.
You have a pair of small horns on your head.
You may rarely emit foul miasma when damaged in melee.


Message History

Unknown command.
The sleepcap barely misses you. The orc wizard casts a spell at you.
The puff of flame hits you.
You hit the sleepcap but do no damage.
You kick the sleepcap, but do no damage.
The wyvern completely misses you. The sleepcap closely misses you.
The orc wizard hits you but does no damage.
You barely miss the orc wizard. You kick the orc wizard.
You kill the orc wizard!
The wyvern bites you but does no damage.
The wyvern misses you. The sleepcap closely misses you.
Your Fighting skill increases to level 5!
You feel less confused.
The wyvern bites you but does no damage.
You block the sleepcap's attack.
Things that are here:
a +0 dagger; a +0 robe You barely miss the wyvern.
The wyvern bites you!
The wyvern bites you but does no damage.
The sleepcap barely misses you.
You hit the wyvern. You kick the wyvern!
You headbutt the wyvern, but do no damage.
The wyvern is heavily wounded.
You block the wyvern's attack. You block the sleepcap's attack.
You hit the wyvern but do no damage. Your kick misses the wyvern.
You headbutt the wyvern, but do no damage.
The wyvern is heavily wounded.
The wyvern barely misses you. The sleepcap barely misses you.
The wyvern bites you!
You emit a cloud of foul miasma!
You completely miss the wyvern.
The wyvern is heavily wounded.
The wyvern is engulfed in dark miasma.
The wyvern is poisoned.
You block the wyvern's attack. The sleepcap releases spores at you.
You are engulfed in a cloud of soporific spores!
You fall asleep.
The wyvern is engulfed in dark miasma.
The wyvern looks even sicker.
The wyvern bites you!!!
Ouch! That really hurt!
You die...

.................##
###................#.
#....................
.###.......###........##
...[.....# ###.......#
.?.......# ##.......##
.........#####.........#
#.....f...#............
#.....@................
#.....l##.##...........
........#...............
##....#.##.......##.....
#......####....#####...
......... .......)....<
......#.. ..##...##)....
.....##.. #.###......
....##..#


You could see a wyvern (very poisoned) and a sleepcap.

Vanquished Creatures
  A yak (D:4)
  Eustachio (D:3)
  A water moccasin (D:5)
  3 ogres
  A phantom (D:5)
  A bullfrog (D:6)
  A howler monkey (D:5)
  An orc priest (D:4)
  4 hounds
  An iron imp (D:3)
  Ijyb (D:4)
  6 orc wizards
  9 adders
  3 gnolls (D:3)
  A worm (D:3)
  A dart slug (D:1)
  20 orcs
  7 bats
  4 endoplasms
  4 giant cockroaches
  7 goblins
  2 hobgoblins
  2 jackals (D:2)
  4 kobolds
  5 quokkas
  14 ball pythons
  A frilled lizard (D:1)
  4 rats
110 creatures vanquished.

Notes
Turn   | Place    | Note
-------+----------+-------------------------------------------
     0 | D:1      | BinkBink the Demonspawn Fighter began the quest for the
                  | Orb.
     0 | D:1      | Reached XP level 1. HP: 18/18 MP: 1/1
   398 | D:1      | Discovered your monstrous ancestry.
   398 | D:1      | Gained mutation: You have large cloven feet. [demonic
                  | ancestry]
   398 | D:1      | Reached XP level 2. HP: 18/24 MP: 2/2
   441 | D:1      | Found a faded altar of an unknown god.
  1196 | D:2      | Reached skill level 1 in Dodging
  1303 | D:2      | Gained mutation: You may rarely emit foul miasma when
                  | damaged in melee. [demonic ancestry]
  1303 | D:2      | Reached XP level 3. HP: 25/29 MP: 3/3
  1795 | D:3      | Gained mutation: You have hoof-like feet. [demonic
                  | ancestry]
  1795 | D:3      | Reached XP level 4. HP: 23/35 MP: 4/4
  2339 | D:3      | Reached XP level 5. HP: 41/41 MP: 5/5
  2420 | D:3      | Found a snail-covered altar of Cheibriados.
  2691 | D:4      | Noticed Ijyb
  2713 | D:4      | Killed Ijyb
  2860 | D:4      | Noticed Eustachio
  3017 | D:4      | Noticed a yak
  3019 | D:4      | Noticed a yak
  3019 | D:4      | Noticed a yak
  3248 | D:4      | Noticed a yak
  3408 | D:4      | Reached XP level 6. HP: 20/48 MP: 6/6
  3550 | D:3      | Killed Eustachio
  3800 | D:4      | Killed a yak
  3801 | D:4      | Gained mutation: You have sharp fingernails. [demonic
                  | ancestry]
  3801 | D:4      | Reached XP level 7. HP: 30/54 MP: 7/7
  4311 | D:4      | Noticed a yak
  4324 | D:5      | Entered Level 5 of the Dungeon
  4325 | D:5      | Identified the amulet of the Echidna {RegenMP Will- Str+4
                  | Dex+3 Stlth+}
  4498 | D:5      | Found a shimmering altar of Xom.
  4620 | D:5      | Gained mutation: You have a pair of small horns on your
                  | head. [demonic ancestry]
  4620 | D:5      | Reached XP level 8. HP: 52/61 MP: 8/8
  4788 | D:5      | Reached skill level 5 in Short Blades
  5141 | D:6      | Identified the +1 leather armour of the Black Moon {Slay+3}
  5213 | D:6      | Reached skill level 5 in Fighting
  5218 | D:6      | Slain by a wyvern

Illustrated notes

Levels and vault maps discovered:
D:1:      elethiomel_arrival_maze, layout_basic,
          hellmonk_ecumenical_altar_zigzags
D:2:      layout_basic
D:3:      layout_loops_ring, chei_slow_surprise
D:4:      layout_cave_pools, hangedman_decor_push, uniq_eustachio, uniq_ijyb
D:5:      layout_rooms, kennysheep_mini
D:6:      layout_cave_pools, minmay_temple_entry_statues_pillars, serial_glass,
          glass_columns_c, glass_columns_b, uniq_grinder

Skill      XL: |  1  2  3  4  5  6  7  8 |
---------------+-------------------------+-----
Short Blades   | 2 3 4 5 |  5.2
Dodging        | 1 2 3 4 |  4.9
Armour         | 3 4 |  4.4
Shields        | 3 4 |  4.3
Fighting       | 4 5 |  5.0

Action                     |  1- 3 |  4- 6 |  7- 9 || total
---------------------------+-------+-------+-------++-------
  Melee: Rapier            |   106 |   182 |   135 ||   423
         Kick              |    17 |    46 |    44 ||   107
         Headbutt          |       |       |    14 ||    14
    Use: Potion            |       |     3 |     4 ||     7
         Scroll            |       |       |    10 ||    10
 Armour: Scale mail        |    54 |   127 |    76 ||   257
  Dodge: Dodged            |    45 |   104 |    70 ||   219
  Block: Buckler           |    24 |    60 |    39 ||   123

Table legend: (Time is in decaauts)
 A = Elapsed time spent in this place.
 B = Non-inter-level travel time spent in this place.
 C = Inter-level travel time spent in this place.
 D = Time resting spent in this place.
 E = Time spent auto-exploring this place.
 F = Levels seen in this place.
 G = Mean time per level.
                   A        B        C        D        E       F      G
               +--------+--------+--------+--------+--------+-----+--------+
         Total |   5235 |   4831 |    404 |      2 |   3884 |   6 |  872.5 |
       Dungeon |   5235 |   4831 |    404 |      2 |   3884 |   6 |  872.5 |
               +--------+--------+--------+--------+--------+-----+--------+

Top non-repeatable levels by time:
     D:3: 1784 daAuts
     D:1: 1086 daAuts
     D:4: 841 daAuts
     D:5: 790 daAuts
     D:2: 629 daAuts
     D:6: 103 daAuts
